 Dungeon Crawl Stone Soup version 0.29.0-4-gdea44cf6ec (webtiles) character file.

Game seed: 17459539007653254050

106 qw the Chopper (level 4, -3/26 HPs)
             Began as a Tengu Warper on Aug 28, 2022.
             Slain by a bullfrog (4 damage)
             ... in a sewer.
             The game lasted 00:00:15 (3484 turns).

qw the Chopper (Tengu Warper)                       Turns: 3484, Time: 00:00:15

Health: -3/26      AC:  8    Str: 13    XL:     4   Next: 84%
Magic:  8/8        EV:  6    Int: 14    God:
Gold:   102        SH:  0    Dex: 19    Spells: 7/7 levels left

rFire   . . .      SeeInvis .   Y - +0 hand axe
rCold   . . .      Faith    .   (no shield)
rNeg    + . .      Spirit   .   i - +0 chain mail
rPois   .          Reflect  .   (helmet restricted)
rElec   .          Harm     .   (no cloak)
rCorr   .          Rampage  .   (no gloves)
Will    .....                   (boots unavailable)
Stlth   ..........              (no amulet)
HPRegen 0.08/turn               d - ring of positive energy
MPRegen 0.11/turn               j - +6 ring of dexterity

@: no status effects
A: beak, talons 3
a: no special abilities


You were in a sewer.
You visited 1 branch of the dungeon, and saw 3 of its levels.
You also visited: Sewer.

You collected 102 gold pieces.


Innate Abilities, Weirdness & Mutations

You have a beak for a mouth.
You have claws for feet.


   Skills:
 - Level 2.0 Fighting
 + Level 5.3 Axes
 - Level 1.0 Throwing
 - Level 1.1 Armour
 - Level 2.1 Dodging
 - Level 2.0 Spellcasting
 - Level 2.4 Translocations


You had 7 spell levels left.
You didn't know any spells.
Your spell library contained the following spells:

 Spells                   Type           Power      Damage    Failure   Level
 Blink                    Tloc           16%        N/A       99%         2
 Gell's Gravitas          Tloc           8%         N/A       100%        3
 Lesser Beckoning         Tloc           8%         N/A       100%        3
 Teleport Other           Tloc           8%         N/A       100%        3
 Manifold Assault         Tloc           8%         N/A       100%        5

Inventory:

Hand Weapons
 k - a +0 flail
 Y - a +0 hand axe (weapon)
Missiles
 n - a javelin (quivered)
Armour
 i - a +0 chain mail (worn)
Jewellery
 d - a ring of positive energy (left hand)
 j - a +6 ring of dexterity (right hand)
Scrolls
 h - a scroll of identify
 m - a scroll of enchant armour
Potions
 a - a potion of degeneration {unknown}
 b - a potion of attraction {unknown}
 e - a potion of berserk rage {unknown}
 f - 3 potions of curing

Dungeon Overview and Level Annotations

Branches:
Dungeon (3/15)              Sewer (1/1)

Altars:


Message History

You enter the shallow water.
Moving in this stuff is going to be slow.
A giant cockroach is nearby!
You hit the giant cockroach. Your kick misses the giant cockroach.
The giant cockroach is severely wounded.
The giant cockroach bites you but does no damage.
Your unstable footing causes you to fumble your attack.
The giant cockroach bites you.
You completely miss the giant cockroach.
You claw the giant cockroach.
You kill the giant cockroach!
You start resting.
HP restored.
A bullfrog comes into view.
The bullfrog croaks.
A bullfrog comes into view.
The bullfrog croaks.
You see here a scroll labelled RIOSEO OLAA.
A bullfrog is nearby!
You miss the bullfrog. Your peck misses the bullfrog. The bullfrog hits you.
You barely miss the bullfrog. Your kick misses the bullfrog.
Your peck misses the bullfrog. You barely miss the bullfrog.
The bullfrog barely misses you. The bullfrog hits you. x3
You barely miss the bullfrog. You peck the bullfrog.
The bullfrog is lightly wounded.
You hit the bullfrog.
The bullfrog hits you but does no damage.
The bullfrog hits you. x2
You closely miss the bullfrog.
The bullfrog is lightly wounded.
You hit the bullfrog. The bullfrog hits you.
The bullfrog completely misses you.
The bullfrog hits you but does no damage.
You hit the bullfrog. You peck the bullfrog.
The bullfrog is almost dead.
You closely miss the bullfrog.
The bullfrog hits you but does no damage. x2
The bullfrog hits you. x2
You die...

#.~~~~# #.~~ #.~~~~# #.~~
#.~~~.# ######## #.~~ #.~~~~#
####~~~~~~#### #~~~
#.~~~~####~~~~~~~~~~~~# #.~~
#~~~~~##~~~~~~~~~~~~~~~ #.~~
#~~~~~#~~~~\~~~~~~~~~~~ #~~~
#%~~~~~~~~~..~~~F~.~~~~ #~~~
#%~~~~~~~~~~~..@F.~~~~~~~# #~~~
#~~~~~~~~~~~.~.(?/.~~~~~~# #~~~
#~~~~~~~~~~~...~)~~~~~~~~# #~~~
#.~~~~~~~~~~~~~~.~~~~~~~~# #.~~
#~~~~~~~~~~~~..~~~~~~~~~# #.~~
#~~~~.~~~~~~~~~~~~~~~~~~# #~~~
#.~~~.~~~~~~~~~~~~~~~~#######~~~
#.~~~~..~~~~~~~~~~.........~~~~~
#.~~~~~~~~~~~~~~~~~~~~~~~~~~~~~~


You could see 2 bullfrogs.

Vanquished Creatures
  3 adders
  A river rat (D:3)
  A worm (D:2)
  3 dart slugs
  An orc (D:2)
  8 bats
  6 endoplasms
  5 giant cockroaches (Sewer)
  A goblin (D:2)
  A hobgoblin (D:1)
  3 kobolds
  5 quokkas
  10 ball pythons
  8 frilled lizards
  3 rats
59 creatures vanquished.

Notes
Turn   | Place    | Note
-------+----------+-------------------------------------------
     0 | D:1      | qw the Tengu Warper began the quest for the Orb.
     0 | D:1      | Reached XP level 1. HP: 12/12 MP: 4/4
     0 | D:1      | 0 ||| qw: Version: 0.1-a-89-g26bdef1
     0 | D:1      | 0 ||| qw: Game counter: 3079
     0 | D:1      | 0 ||| qw: Always use a shield: true
     0 | D:1      | 0 ||| qw: God list: Okawaru
     0 | D:1      | 0 ||| qw: Allow faded altars: false
     0 | D:1      | 0 ||| qw: Do Orc after D:15 true
     0 | D:1      | 0 ||| qw: Do second Lair branch before Depths: true
     0 | D:1      | 0 ||| qw: Lair rune preference: random
     0 | D:1      | 0 ||| qw: Plans: Normal
     0 | D:1      | 0 ||| PLANNING D:1-11
    33 | D:1      | 33 ||| Stepping ~*~*~tactically~*~*~ (stealth).
    42 | D:1      | 42 ||| Stepping ~*~*~tactically~*~*~ (stealth).
    43 | D:1      | 43 ||| Stepping ~*~*~tactically~*~*~ (stealth).
    45 | D:1      | 45 ||| Stepping ~*~*~tactically~*~*~ (stealth).
    47 | D:1      | 47 ||| Stepping ~*~*~tactically~*~*~ (stealth).
    83 | D:1      | Reached skill level 3 in Axes
    83 | D:1      | Reached XP level 2. HP: 16/17 MP: 6/6
   103 | D:1      | Found a faded altar of an unknown god.
   423 | D:1      | 423 ||| Stepping ~*~*~tactically~*~*~ (hiding).
   907 | D:1      | Reached XP level 3. HP: 19/21 MP: 7/7
  1174 | D:1      | 1174 ||| UPGRADING to +0 chain mail.
  1184 | D:1      | 1184 ||| DROPPING +0 leather armour.
  1185 | D:1      | 1185 ||| UPGRADING to ring of positive energy.
  1186 | D:1      | 1186 ||| UPGRADING to +6 ring of dexterity.
  1187 | D:1      | 1187 ||| READING scroll labelled ARAXIUV ROTZ.
  1188 | D:1      | 1188 ||| DRINKING 2 puce potions.
  1189 | D:1      | 1189 ||| DROPPING scroll of blinking.
  1269 | D:2      | HP: 3/21 [worm (9)]
  1273 | D:2      | Reached skill level 4 in Axes
  1734 | D:2      | 1734 ||| FLEEEEING.
  1735 | D:2      | 1735 ||| FLEEEEING.
  1736 | D:2      | 1736 ||| FLEEEEING.
  1737 | D:2      | 1737 ||| FLEEEEING.
  1738 | D:2      | 1738 ||| FLEEEEING.
  1740 | D:2      | 1740 ||| FLEEEEING.
  1741 | D:2      | 1741 ||| FLEEEEING.
  1742 | D:2      | 1742 ||| FLEEEEING.
  1743 | D:2      | 1743 ||| FLEEEEING.
  1744 | D:2      | 1744 ||| FLEEEEING.
  1745 | D:2      | 1745 ||| FLEEEEING.
  1746 | D:2      | 1746 ||| FLEEEEING.
  1747 | D:2      | 1747 ||| FLEEEEING.
  1749 | D:2      | 1749 ||| STAIRDANCE
  1831 | D:1      | 1831 ||| READING scroll labelled OZUCVITRIP.
  1834 | D:2      | 1834 ||| STAIRDANCE
  1881 | D:2      | 1881 ||| STAIRDANCE
  1973 | D:2      | 1973 ||| DROPPING +0 mace.
  2156 | D:2      | 2156 ||| Stepping ~*~*~tactically~*~*~ (hiding).
  2434 | D:2      | 2434 ||| READING scroll labelled LACUKL MEELA.
  2435 | D:2      | 2435 ||| DRINKING 3 red potions.
  2436 | D:2      | 2436 ||| DROPPING 2 potions of flight.
  2482 | D:3      | 2482 ||| PLANNING SEWER
  2531 | D:3      | HP: 2/21 [river rat (5)]
  2533 | D:3      | Reached XP level 4. HP: 3/26 MP: 8/8
  2543 | D:3      | HP: 2/26 [rat (2)]
  2851 | D:3      | Found a glowing drain.
  2854 | D:3      | 2854 ||| Stepping ~*~*~tactically~*~*~ (water).
  2862 | Sewer    | Entered a sewer
  3058 | Sewer    | Reached skill level 5 in Axes
  3478 | Sewer    | Noticed a bullfrog
  3478 | Sewer    | Noticed a bullfrog
  3482 | Sewer    | HP: 4/26 [bullfrog (3)]
  3484 | Sewer    | HP: 1/26 [bullfrog (2)]
  3484 | Sewer    | Slain by a bullfrog

Levels and vault maps discovered:
D:1:      dpeg_arrival_stonehenge_8_columns, layout_loops_ring,
          chequers_ecumenical_altar_simple, roderic_serpentine_path
D:2:      layout_loops_ring
D:3:      layout_basic, overflow_temple_1_default, minitemple,
          cheibrodos_sewer_entry_sluice, gammafunk_ghost_smash,
          kennysheep_cross_room, kennysheep_generic_room_10
Sewer:    sewer_frog_island_01

Skill      XL: |  1  2  3  4 |
---------------+-------------+-----
Axes           | 3 4 5 |  5.3
Fighting       | |  2.0
Throwing       | |  1.0
Armour         | |  1.1
Dodging        | |  2.1
Spellcasting   | |  2.0
Translocations | |  2.4

Action                   |  1- 3 |  4- 6 || total
-------------------------+-------+-------++-------
Melee: Hand axe          |    75 |    76 ||   151
       Peck              |     9 |     9 ||    18
       Kick              |    15 |    20 ||    35
       Punch             |     2 |       ||     2
Throw: Boomerang         |    10 |       ||    10
       Javelin           |     5 |     2 ||     7
  Use: Scroll            |     3 |       ||     3
       Potion            |     2 |       ||     2
Armor: Leather armour    |    11 |       ||    11
       Chain mail        |    20 |    50 ||    70
Dodge: Dodged            |    31 |    29 ||    60

Table legend:
 A = Non-vault XP
 B = Vault XP
 C = Vault XP percentage of total XP
 D = Non-vault monster count
 E = Vault monster count
 F = Vault count percentage of total count
                 A         B        C        D         E       F
            +---------+---------+-------+---------+---------+-------
      Total |      77 |      75 |  49.3 |      33 |      26 |  44.1
            +---------+---------+-------+---------+---------+-------
        D:1 |      38 |       0 |   0.0 |      20 |       0 |   0.0
        D:2 |      33 |       0 |   0.0 |      10 |       0 |   0.0
        D:3 |       6 |      14 |  70.0 |       3 |       2 |  40.0
      Sewer |       0 |      61 | 100.0 |       0 |      24 | 100.0
            +---------+---------+-------+---------+---------+-------
